 Dungeon Crawl Stone Soup version 0.30-a0-760-g5a9884bb7c (webtiles) character file.

Game seed: 15479023255276238566

433 DryNick the Sneak (level 6, -3/30 HPs)
             Began as a Spriggan Enchanter on Feb 11, 2023.
             Shot with a sling bullet by a goblin (5 damage)
             ... led by Robin
             ... on level 3 of the Dungeon.
             The game lasted 00:23:21 (2217 turns).

DryNick the Sneak (Spriggan Enchanter)              Turns: 2217, Time: 00:23:21

Health: -3/30      AC:  3    Str:  4    XL:     6   Next: 67%
Magic:  13/13      EV: 18    Int: 17    God:
Gold:   97         SH:  0    Dex: 17    Spells: 8/13 levels left

rFire   . . .      SeeInvis +    d - +2 dagger (drain)
rCold   . . .      Faith    .    (no shield)
rNeg    . . .      Spirit   .    b - +0 robe
rPois   .          Reflect  .    (helmet restricted)
rElec   .          Harm     .    n - +0 cloak
rCorr   .          Rampage  .    (gloves unavailable)
Will    +....                    (boots unavailable)
Stlth   +++                      (no amulet)
HPRegen 0.25/turn                (no ring)
MPRegen 0.13/turn                (no ring)

@: very quick
A: very small, no large weapons, unfitting armour, see invisible, speed 3
a: no special abilities


You were on level 3 of the Dungeon.
You visited 1 branch of the dungeon, and saw 3 of its levels.

You collected 213 gold pieces.
You spent 116 gold pieces at shops.

Inventory:

Hand Weapons
 a - a +1 dagger
 d - a +2 dagger of draining (weapon)
 s - a +5 mace of protection
Armour
 b - a +0 robe (worn)
 n - a +0 cloak (worn)
Scrolls
 e - 2 scrolls of magic mapping
 h - 2 scrolls of silence
 i - a scroll of immolation
 l - a scroll of blinking
 o - a scroll of teleportation {unknown}
 r - a scroll of fear {unknown}
Potions
 f - 5 potions of curing
 g - 2 potions of attraction {unknown}
 j - 2 potions of haste {unknown}
 k - a potion of brilliance {unknown}
 m - a potion of ambrosia {unknown}
 p - a potion of heal wounds
 q - a potion of magic {unknown}


   Skills:
 + Level 1.1 Fighting
 + Level 4.2 Short Blades
 + Level 4.1 Dodging
 - Level 6.4 Stealth
 * Level 4.1 Spellcasting
 * Level 4.9 Hexes


You had 8 spell levels left.
You knew the following spells:

 Your Spells              Type           Power      Damage    Failure   Level
a - Ensorcelled Hibernat  Hex/Ice        22%        N/A       9%          2
b - Confusing Touch       Hex            20%        N/A       6%          3

Your spell library contained the following spells:

 Spells                   Type           Power      Damage    Failure   Level
 Tukima's Dance           Hex            20%        N/A       6%          3
 Magic Dart               Conj           12%        1d3       16%         1
 Dazzling Flash           Conj/Hex       22%        N/A       17%         3
 Blink                    Tloc           6%         N/A       24%         2
 Call Imp                 Summ           3%         N/A       24%         2
 Lesser Beckoning         Tloc           6%         N/A       24%         2
 Momentum Strike          Conj/Tloc      6%         3d8       24%         2
 Searing Ray              Conj           6%         2d4       24%         2
 Sublimation of Blood     Necr           3%         N/A       24%         2
 Wereblood                Tmut           3%         N/A       24%         2
 Mephitic Cloud           Conj/Pois/Air  3%         N/A       43%         3
 Spider Form              Tmut/Pois      3%         N/A       43%         3
 Anguish                  Hex/Necr       5%         N/A       50%         4
 Fulminant Prism          Conj/Hex       5%         3d6       50%         4
 Summon Hydra             Summ           1%         N/A       100%        7


Dungeon Overview and Level Annotations

Branches:
Dungeon (3/15)

Altars:

Shops:
D:1 (??!

Annotations:
D:3 Natasha


Innate Abilities, Weirdness & Mutations

You are very small and have problems with some larger weapons.
You are too small for most types of armour.
You have supernaturally acute eyesight. (SInv)
You cover ground extremely quickly. (Speed+++)


Message History

You impale the frilled lizard!!
You kill the frilled lizard!
No target in view!
No target in view!
The orc shouts!
You hear a shout!
An orc comes into view.
It is wielding a +1 hand axe of electrocution and quivering curare-tipped darts. 2 goblins come into view.
A goblin comes into view. It is wielding a +0 club. x2
The orc hits you with a +0 dagger.
You barely miss the orc. The orc hits you with a +0 dagger.
The goblin shouts!
The orc shouts!
The orc wizard shouts!
You hit the orc. You drain the orc.
You kill the orc!
You hear a shout! x2
The goblin unwields a +0 club.
The goblin wields a +0 sling.
The goblin shoots a sling bullet.
The sling bullet barely misses you.
A goblin comes into view. It is wielding a +0 dagger. x2
The goblin shouts!
Natasha hisses angrily.
The goblin shouts!
You hit the orc wizard.
The orc wizard is heavily wounded.
A hobgoblin comes into view.
The orc wizard points at you and mumbles some strange words.
The puff of flame misses you.
The orc hits you with a +1 hand axe of electrocution.
You are electrocuted!!
Ouch! That really hurt!
* * * LOW HITPOINT WARNING * * *
The goblin shoots a sling bullet.
The sling bullet barely misses you.
You hear a shout!
You are too injured to fight recklessly!
You are too injured to fight recklessly!
You feel better. The orc wizard casts a spell at you. The magic dart hits you.
* * * LOW HITPOINT WARNING * * *
The orc hits you with a +1 hand axe of electrocution!
* * * LOW HITPOINT WARNING * * *
The goblin shoots a sling bullet.
The sling bullet hits you.
You die... .... ..## #### .ggg

...# ##... .g.####.#### ####....
..g.......##......... ..
##..#...........######## .#
##...#........##########. .##
##.......)................ <.#
.###..##.#.o@.....##........#
..#.........h..o......##.....>..#
..#. #..........[.....##........#
.##. #.P.....................†..#
.##.##.....P.P..####.###.....<†.#
###.............# #.............#
.###.#.P.....P..###.####........#
...#...P.....P......####........#
##......P.................#####..


You could see an orc wizard, Natasha, an orc and 5 goblins.

Vanquished Creatures
  Grinder (D:3)
  A gnoll bouda (D:2)
  Natasha (twice) (D:3)
  Robin (D:3)
  4 gnolls
  7 adders
  A worm (D:2)
  2 orcs
  6 ball pythons
  3 endoplasms
  A giant cockroach (D:2)
  6 goblins
  5 hobgoblins
  2 quokkas
  7 bats
  4 frilled lizards
  6 kobolds
  3 rats
62 creatures vanquished.

Vanquished Creatures (others)
  10 plants (D:3)
10 creatures vanquished.

Grand Total: 72 creatures vanquished

Notes
Turn   | Place    | Note
-------+----------+-------------------------------------------
     0 | D:1      | DryNick the Spriggan Enchanter began the quest for the Orb.
     0 | D:1      | Reached XP level 1. HP: 9/9 MP: 5/5
    23 | D:1      | Found Ovegy's Antique Weapon Emporium.
    65 | D:1      | Found Peni's Magic Scroll Shop.
   125 | D:2      | Reached XP level 2. HP: 13/13 MP: 6/6
   128 | D:2      | Learned a level 2 spell: Ensorcelled Hibernation
   354 | D:2      | Reached skill level 5 in Stealth
   586 | D:2      | Reached XP level 3. HP: 16/16 MP: 8/8
   882 | D:3      | Reached XP level 4. HP: 18/21 MP: 9/9
   885 | D:3      | Noticed Natasha
   899 | D:3      | Killed Natasha
   900 | D:3      | Reached skill level 6 in Stealth
  1108 | D:3      | HP: 1/21 [gnoll bouda/+0 club (5)]
  1210 | D:1      | Found Fapigat's Distillery.
  1218 | D:1      | Reached XP level 5. HP: 24/24 MP: 10/10
  1227 | D:1      | Bought a potion of heal wounds for 55 gold pieces
  1227 | D:1      | Bought a potion of curing for 33 gold pieces
  1282 | D:1      | Found Houblif's Magic Scroll Shop.
  1290 | D:1      | Bought a scroll of identify for 28 gold pieces
  1702 | D:3      | Noticed Robin
  1734 | D:3      | Killed Robin
  1816 | D:3      | Noticed Natasha
  1833 | D:3      | Killed Natasha
  1886 | D:3      | Noticed Grinder
  2050 | D:2      | Learned a level 3 spell: Confusing Touch
  2075 | D:3      | Noticed Natasha
  2110 | D:3      | Killed Grinder
  2111 | D:3      | Reached skill level 1 in Fighting
  2111 | D:3      | Reached XP level 6. HP: 30/30 MP: 11/13
  2217 | D:3      | Shot with a sling bullet by a goblin

Illustrated notes

Levels and vault maps discovered:
D:1:      spicycebolla_arrival_clurvy, layout_rooms, serial_shops, shop, shop,
          shop, nicolae_shop_waterfront, dk_noncrumbling_2
D:2:      layout_loops_cross, minmay_heptomino_w4
D:3:      layout_rooms, nicolae_grassy_gnolls, uniq_natasha, uniq_robin,
          uniq_crazy_yiuf_cottage, uniq_grinder

Skill      XL: |  1  2  3  4  5 |
---------------+----------------+-----
Short Blades   | 2 3 4 |  4.2
Dodging        | 3 4 |  4.1
Stealth        | 5 6 |  6.4
Spellcasting   | 3 4 |  4.1
Hexes          | 4 |  4.9
Fighting       | 1 |  1.1

Action                     |  1- 3 |  4- 6 || total
---------------------------+-------+-------++-------
  Melee: Dagger            |    57 |   132 ||   189
         Punch             |       |     1 ||     1
    Use: Potion            |       |     4 ||     4
         Scroll            |       |     4 ||     4
   Stab: Sleeping          |     8 |     8 ||    16
         Invisible         |       |     2 ||     2
         Distracted        |       |     1 ||     1
 Armour: Robe              |     4 |     9 ||    13
  Dodge: Dodged            |    41 |    69 ||   110

Table legend: (Time is in decaauts)
 A = Elapsed time spent in this place.
 B = Non-inter-level travel time spent in this place.
 C = Inter-level travel time spent in this place.
 D = Time resting spent in this place.
 E = Time spent auto-exploring this place.
 F = Levels seen in this place.
 G = Mean time per level.
                   A        B        C        D        E       F      G
               +--------+--------+--------+--------+--------+-----+--------+
         Total |   1614 |   1571 |     43 |      0 |   1032 |   3 |  538.0 |
       Dungeon |   1614 |   1571 |     43 |      0 |   1032 |   3 |  538.0 |
               +--------+--------+--------+--------+--------+-----+--------+

Top non-repeatable levels by time:
     D:2: 735 daAuts
     D:1: 456 daAuts
     D:3: 422 daAuts
